 Dungeon Crawl Stone Soup version 0.24.0 (webtiles) character file.

Game seed: 2913921546714321723, levelgen mode: deterministic

1968 Buxparty the Fighter (level 9, -2/83 HPs)
             Began as a Gnoll Wanderer on Feb 9, 2020.
             Was an Initiate of Gozag.
             Slain by Harold
             ... wielding a +4 flail of draining
              (8 damage)
             ... on level 6 of the Dungeon.
             The game lasted 00:17:20 (5703 turns).

Buxparty the Fighter (Gnoll Wanderer)               Turns: 5703, Time: 00:17:25

Health: -2/83      AC: 13    Str: 18    XL:     9   Next: 20%
Magic:  14/14      EV:  8    Int: 20    God:    Gozag
Gold:   629        SH:  0    Dex: 16    Spells: 15/15 levels left

rFire    + . .     SeeInvis .   a - +2 quarterstaff
rCold    . . .     Gourm    .   (shield currently unavailable)
rNeg     . . .     Faith    .   A - +1 chain mail "Meipreurepy" {Int+2}
rPois    +         Spirit   .   (no helmet)
rElec    .         Reflect  .   (no cloak)
rCorr    .         Harm     .   (no gloves)
MR       .....                  E - +2 pair of boots
Stlth    ..........             (no amulet)
HPRegen  0.23/turn              g - ring of protection from fire
MPRegen  0.14/turn              j - ring of poison resistance

@: brilliant, marked, heavily drained
A: distributed training, fangs 1, strong nose
a: Potion Petition, Call Merchant, Bribe Branch, Renounce Religion


You were on level 6 of the Dungeon.
You worshipped Gozag.
Gozag was pleased with you.
You were not hungry.

You visited 1 branch of the dungeon, and saw 7 of its levels.
You also visited: Sewer.

You collected 891 gold pieces.
You spent 218 gold pieces at shops.
You paid 44 gold pieces to Gozag.

Inventory:

Hand Weapons
 a - a +2 quarterstaff (weapon)
 b - a +0 short sword
Armour
 n - a +0 buckler
 r - a +0 chain mail
 A - the +1 chain mail "Meipreurepy" (worn) {Int+2}
   (You bought it in a shop on level 5 of the Dungeon)

   It affects your intelligence (+2).
 E - a +2 pair of boots (worn)
Jewellery
 d - an uncursed ring of see invisible
 g - a ring of protection from fire (left hand)
 j - a ring of poison resistance (right hand)
 G - an uncursed amulet of harm
Wands
 q - a wand of polymorph (26)
 v - a wand of random effects (18)
Scrolls
 h - a scroll of blinking
 k - a scroll of fear {unknown}
 l - 3 scrolls of identify
 p - 3 scrolls of fog {unknown}
 t - 4 scrolls of remove curse
 y - 2 scrolls of enchant weapon {unknown}
 z - a scroll of noise {unknown}
 B - 2 scrolls of teleportation {unknown}
 F - a scroll of magic mapping {unknown}
 I - a scroll of enchant armour {unknown}
Potions
 c - 3 potions of lignification
 e - 2 potions of haste {unknown}
 i - a potion of berserk rage {unknown}
 m - 2 potions of brilliance
 o - a potion of degeneration {unknown}
 s - 3 potions of curing
 u - a potion of flight {unknown}
 w - a potion of cancellation {unknown}
 x - a potion of agility {unknown}
 C - a potion of magic {unknown}
 D - a potion of might {unknown}
 H - a potion of invisibility {unknown}
Comestibles
 f - 3 rations


   Skills:
 + Level 12.5(10.1) Fighting
 + Level 3.9(2.0) Short Blades
 + Level 3.9(2.0) Long Blades
 + Level 3.9(2.0) Axes
 + Level 3.9(2.0) Maces & Flails
 + Level 3.9(2.0) Polearms
 + Level 4.7(2.7) Staves
 + Level 3.9(2.0) Slings
 + Level 3.9(2.0) Bows
 + Level 3.9(2.0) Crossbows
 + Level 4.7(2.7) Throwing
 + Level 4.7(2.7) Armour
 + Level 3.9(2.0) Dodging
 + Level 4.6(2.6) Stealth
 + Level 3.9(2.0) Shields
 + Level 3.9(2.0) Unarmed Combat
 + Level 3.9(2.0) Spellcasting
 + Level 3.2(1.3) Conjurations
 + Level 3.2(1.3) Hexes
 + Level 3.2(1.3) Charms
 + Level 3.2(1.3) Summonings
 + Level 3.2(1.3) Necromancy
 + Level 3.2(1.3) Translocations
 + Level 3.2(1.3) Transmutations
 + Level 3.2(1.3) Fire Magic
 + Level 3.2(1.3) Ice Magic
 + Level 3.2(1.3) Air Magic
 + Level 3.2(1.3) Earth Magic
 + Level 3.2(1.3) Poison Magic
 + Level 4.3(2.3) Invocations
 + Level 3.9(2.0) Evocations


You had 15 spell levels left.
You didn't know any spells.
Your spell library contained the following spells:

 Spells                   Type           Power        Failure   Level  Hunger
 Animate Skeleton         Necr           N/A          13%         1    #......
 Pain                     Necr           ###.         13%         1    #......
 Regeneration             Chrm/Necr      ###.......   34%         3    ###....
 Vampiric Draining        Necr           ###.......   34%         3    ###....
 Animate Dead             Necr           N/A          69%         4    #####..


Dungeon Overview and Level Annotations

Branches:
Dungeon (7/15)              Sewer (visited)
 Temple: D:4-7

Altars:
Fedhas
Gozag
Sif Muna
Uskayaw

Shops:
D:5 :[*(

Annotations:
D:6 Harold


Innate Abilities, Weirdness & Mutations

Your experience applies equally to all skills.
You have very sharp teeth.
Your uncanny sense of smell can sniff out nearby items.


Message History

Harold hits you with a +4 flail of draining!
You feel drained.
You hit Harold but do no damage.
Harold is lightly wounded.
There is a stone staircase leading up here.
Harold hits you with a +4 flail of draining.
You feel drained.
You climb upwards.
There is a stone staircase leading down here.
It was a potion of curing.
You feel better.
Harold hits you with a +4 flail of draining!!
You feel drained.
* * * LOW HITPOINT WARNING * * *
It was a potion of brilliance.
You feel clever all of a sudden.
Harold hits you with a +4 flail of draining!!
* * * LOW HITPOINT WARNING * * *
You feel drained.
You die...
Your body crumbles into a pile of gold.

####....######
#....##......####
###.#######..#..##.
#[..# ##....... #...#
##.<.... #...#
##.###.. #...## #..#
#.# #@...####
##.####..
##@#....###........
#>#....#....######
###.##.....#..#
#..<##...###.##
#########.####...##..#
#.........# ######.##
#.......######## #.#
#..............####.#
#.......######......#


You could see Harold.

Vanquished Creatures
  Eustachio (D:5)
  Edmund (D:5)
  A black bear (D:6)
  2 ogres
  Blork the orc (D:5)
  9 big kobolds (Sewer)
  A scorpion (D:4)
  3 crimson imps
  A jelly (D:5)
  A centaur skeleton (D:4)
  4 orc priests
  Natasha (D:4)
  2 orc wizards (D:6)
  3 worker ants
  A hound zombie (D:4)
  A worker ant zombie (D:4)
  11 adders
  A howler monkey skeleton (D:4)
  A river rat (Sewer)
  A shadow imp (D:6)
  2 oozes (Sewer)
  An adder skeleton (D:4)
  4 adder zombies (D:4)
  4 worms
  12 orcs
  A ball python (Sewer)
  12 bats
  3 giant cockroaches
  9 goblins
  5 hobgoblins
  2 jackals (D:4)
  13 kobolds
  3 quokkas
  5 frilled lizards
  A giant cockroach zombie (D:4)
  A jackal skeleton (D:4)
  A leopard gecko skeleton (D:4)
  2 quokka skeletons (D:4)
  3 quokka zombies (D:4)
  13 rats
144 creatures vanquished.

Notes
Turn   | Place    | Note
-------+----------+-------------------------------------------
     0 | D:1      | Reached skill level 12 in Fighting
     0 | D:1      | Buxparty the Gnoll Wanderer began the quest for the Orb.
     0 | D:1      | Buxparty set off with the following items: a +2
                  | quarterstaff, a +0 short sword, a potion of lignification,
                  | a +0 robe, a ration
     0 | D:1      | Reached XP level 1. HP: 31/31 MP: 1/1
   208 | D:1      | Reached XP level 2. HP: 38/38 MP: 2/2
   537 | D:1      | Reached XP level 3. HP: 44/44 MP: 3/3
   800 | D:2      | Reached skill level 1 in Invocations
  1107 | D:2      | Reached skill level 1 in Short Blades
  1107 | D:2      | Reached skill level 1 in Long Blades
  1107 | D:2      | Reached skill level 1 in Axes
  1107 | D:2      | Reached skill level 1 in Maces & Flails
  1107 | D:2      | Reached skill level 1 in Polearms
  1107 | D:2      | Reached skill level 1 in Slings
  1107 | D:2      | Reached skill level 1 in Bows
  1107 | D:2      | Reached skill level 1 in Crossbows
  1107 | D:2      | Reached skill level 1 in Dodging
  1107 | D:2      | Reached skill level 1 in Shields
  1107 | D:2      | Reached skill level 1 in Unarmed Combat
  1107 | D:2      | Reached skill level 1 in Spellcasting
  1107 | D:2      | Reached skill level 1 in Evocations
  1122 | D:2      | Reached XP level 4. HP: 24/51 MP: 5/5
  2123 | D:3      | Reached skill level 1 in Conjurations
  2123 | D:3      | Reached skill level 1 in Hexes
  2123 | D:3      | Reached skill level 1 in Charms
  2123 | D:3      | Reached skill level 1 in Summonings
  2123 | D:3      | Reached skill level 1 in Necromancy
  2123 | D:3      | Reached skill level 1 in Translocations
  2123 | D:3      | Reached skill level 1 in Transmutations
  2123 | D:3      | Reached skill level 1 in Fire Magic
  2123 | D:3      | Reached skill level 1 in Ice Magic
  2123 | D:3      | Reached skill level 1 in Air Magic
  2123 | D:3      | Reached skill level 1 in Earth Magic
  2123 | D:3      | Reached skill level 1 in Poison Magic
  2123 | D:3      | Reached XP level 5. HP: 40/57 MP: 6/6
  2322 | D:3      | Noticed a +0 dagger
  2324 | D:3      | Found a hide-covered altar of Uskayaw.
  2324 | D:3      | Noticed a +0 dagger
  2367 | D:3      | Found a shimmering blue altar of Sif Muna.
  2493 | D:3      | Found an opulent altar of Gozag.
  2528 | D:3      | Became a worshipper of Gozag Ym Sagoz the Greedy
  2898 | D:4      | Reached XP level 6. HP: 62/64 MP: 8/8
  3474 | D:4      | Noticed Natasha
  3478 | D:4      | Killed Natasha
  3478 | D:4      | Reached XP level 7. HP: 63/70 MP: 10/10
  3562 | D:5      | Entered Level 5 of the Dungeon
  3601 | D:5      | Noticed Eustachio
  3691 | D:5      | Found Kitocs's Antique Armour Shop.
  3699 | D:5      | Bought a brightly glowing chain mail for 218 gold pieces
  3709 | D:5      | Identified the +1 chain mail "Meipreurepy" {Int+2} (You
                  | bought it in a shop on level 5 of the Dungeon)
  3776 | D:5      | Found a blossoming altar of Fedhas.
  3817 | D:5      | Noticed Blork the orc
  3822 | D:5      | Killed Eustachio
  3832 | D:5      | Found Hachiaps's Book Shop.
  3920 | D:5      | Killed Blork the orc
  4067 | D:5      | Reached XP level 8. HP: 76/76 MP: 12/12
  4166 | D:5      | Noticed Edmund
  4178 | D:5      | Killed Edmund
  4193 | D:5      | Found Raofros's Weapon Shoppe.
  4222 | D:5      | Found Byte's General Store.
  4231 | D:5      | Found a glowing drain.
  4256 | Sewer    | Entered a sewer
  5149 | D:6      | Reached XP level 9. HP: 61/83 MP: 14/14
  5649 | D:7      | Noticed Harold
  5703 | D:6      | Slain by Harold

Levels and vault maps discovered:
D:1:      minmay_arrival_solitary_statue, layout_basic
D:2:      minmay_door_path, layout_loops_cross
D:3:      cheibrodos_pilgrimage, layout_basic, lemuel_round_altar,
          dancing_weapons_uskayaw, led_sif_pool
D:4:      layout_loops_cross, serial_undead, serial_undead_f, serial_undead_a,
          serial_undead_b, serial_undead_a, serial_undead_e, serial_undead_b,
          serial_undead_a, uniq_natasha
D:5:      layout_loops_ring, first_ration, portal_sewer_entry_d, serial_shops,
          shop, shop, nicolae_shop_behind_doors, shop, fedhas_altar_3,
          uniq_eustachio, uniq_blork_the_orc, uniq_edmund
D:6:      layout_rooms
D:7:      layout_gridville, minmay_temple_entry_mist, uniq_harold, uniq_duvessa
